 Dungeon Crawl Stone Soup version 0.31-a0-489-g282fc92437 (webtiles) character file.

Game seed: 14366010305672773361

212 Ethylacetat the Cutter (level 5, -5/38 HPs)
             Began as an Octopode Gladiator on Aug 8, 2023.
             Killed from afar by an orc wizard (7 damage)
             ... with a magic dart
             ... on level 3 of the Dungeon.
             The game lasted 00:05:12 (2270 turns).

Ethylacetat the Cutter (Octopode Gladiator)         Turns: 2270, Time: 00:05:13

Health: -5/38      AC:  1    Str: 11 (14) XL:     5   Next: 90%
Magic:  5/5        EV: 13    Int:  8 (10) God:
Gold:   245        SH:  0    Dex: 12 (15) Spells: 4/4 levels left

rFire   + . .        o - +1 dagger (venom)
rCold   + . .        (no shield)
rNeg    + . .        b - +0 hat
rPois   +            (no amulet)
rElec   +            n - ring of positive energy
rCorr   +            g - ring of willpower
SInv    .            (no ring)
Will    +....        (no ring)
Stlth   ++           (no ring)
HPRegen 0.26/turn    (no ring)
MPRegen 0.09/turn    (no ring)
                     (no ring)

%: no passive effects
@: mighty, resistant, attractive, invisible
A: almost no armour, amphibious, 8 rings, camouflage 1, gelatinous body 1,
(nimble swimmer 1), tentacles
a: no special abilities


You were on level 3 of the Dungeon.
You visited 1 branch of the dungeon, and saw 3 of its levels.

You collected 245 gold pieces.

Inventory:

Hand Weapons
 a - a +0 rapier
 o - a +1 dagger of venom (weapon)
Missiles
 c - 3 throwing nets
 d - a javelin
 f - 2 curare-tipped darts (quivered)
Armour
 b - a +0 hat (worn)
Jewellery
 g - a ring of willpower (right tentacle)
 n - a ring of positive energy (left tentacle)
Wands
 q - a wand of acid (11)
Scrolls
 j - a scroll of poison {unknown}
 m - a scroll of identify {unknown}
Potions
 p - a potion of curing {unknown}


   Skills:
 + Level 4.3 Fighting
 + Level 5.0 Short Blades
 - Level 2.0 Throwing
 - Level 3.0 Dodging


You had 4 spell levels left.
You didn't know any spells.
Your spell library was empty.

Dungeon Overview and Level Annotations

Branches:
Dungeon (3/15)

Altars:

Shops:
D:1 ::=(


Innate Abilities, Weirdness & Mutations

You cannot wear most types of armour.
You are amphibious.
You can wear up to eight rings at the same time.
Your skin changes colour to match your surroundings (Stealth+).
Your rubbery body absorbs attacks. (AC +1, EV +1)
((You are camouflaged when in or above water. (Stealth+)))
You have tentacles for arms and can constrict up to eight enemies at once.


Message History

You feel weakened.
You feel dopey.
You feel clumsy.
You hear some strange, mumbled words.
A puff of flame appears from out of thin air!
The puff of flame misses you.
It was a potion of invisibility.
You fade into invisibility!
Reactivating autopickup.
You feel a bit more experienced.
It was a potion of attraction.
You feel attractive to monsters.
A puff of flame appears from out of thin air!
The puff of flame hits the orc!
The orc dies!
The orc misses you.
You hit the orc.
The orc is poisoned.
You grab the orc.
The orc is lightly wounded.
You constrict the orc. You hit the orc.
The orc looks as sick as possible!
You squeeze the orc.
You kill the orc!
A magic dart appears from out of thin air!
The magic dart hits the orc!
The orc dies!
The orc is attracted toward you. Something is attracted toward you.
The orc is attracted toward you.
You hit the orc but do no damage.
The orc is poisoned.
You grab the orc. You constrict the orc.
A magic dart appears from out of thin air!
The magic dart hits the orc.
The orc dies!
Something is attracted toward you. The orc is attracted toward you.
Your Short Blades skill increases to level 5!
Something hits you.
* * * LOW HITPOINT WARNING * * *
Deactivating autopickup; reactivate with Ctrl-A.
It was a potion of might.
You feel very mighty all of a sudden.
You hear some strange, mumbled words.
A magic dart appears from out of thin air!
The magic dart hits you!
You die...

### ##....
#...... ##.......
#...≈~≈..
#..≈≈~≈≈.
########..~~♣~~.
#.....@{o§≈≈~≈≈.
##.#####♣oo.≈~≈..
#....# ♣♣o......
#..### ♣.....♣
#...# ♣...♣♣
#...# ....♣
#########...#
....
#.........### ≈..
#.#######.# ≈≈.


You could see an orc wizard (wandering, unable to see you) and 3 orcs.

Vanquished Creatures
  2 orc wizards (D:3)
  7 adders (D:2)
  A white imp (D:3)
  3 worms
  2 dart slugs (D:1)
  5 orcs (D:3)
  6 ball pythons
  3 endoplasms (D:1)
  2 giant cockroaches
  7 goblins
  6 hobgoblins
  6 jackals (D:1)
  6 kobolds
  2 quokkas (D:2)
  6 bats
  4 frilled lizards
  5 rats
73 creatures vanquished.

Vanquished Creatures (others)
  3 orcs (D:3)
3 creatures vanquished.

Grand Total: 76 creatures vanquished

Notes
Turn   | Place    | Note
-------+----------+-------------------------------------------
     0 | D:1      | Ethylacetat the Octopode Gladiator began the quest for the
                  | Orb.
     0 | D:1      | Reached XP level 1. HP: 14/14 MP: 1/1
   131 | D:1      | Found a faded altar of an unknown god.
   167 | D:1      | Reached XP level 2. HP: 20/20 MP: 2/2
   351 | D:1      | Found Eplaup's Book Shop.
   458 | D:1      | Found Cables's Book Emporium.
   511 | D:1      | Found Jaluomoa's Weapon Shoppe.
   523 | D:1      | Reached XP level 3. HP: 25/25 MP: 3/3
   687 | D:1      | Found Bikuefua's Jewellery Shop.
  1040 | D:2      | Reached skill level 4 in Short Blades
  1040 | D:2      | Reached XP level 4. HP: 19/31 MP: 4/4
  1510 | D:2      | Reached XP level 5. HP: 37/37 MP: 5/5
  2269 | D:3      | Reached skill level 5 in Short Blades
  2270 | D:3      | Killed from afar by an orc wizard

Illustrated notes

Levels and vault maps discovered:
D:1:      beargit_arrival_diablo_church, layout_basic, serial_glass,
          glass_columns_a, glass_columns_a, glass_columns_a, glass_columns_a,
          glass_columns_c, glass_columns_a, glass_columns_a, glass_columns_a,
          item_on_display_a, minmay_strange_pillars, serial_shops, shop,
          nicolae_shop_bloodbath_and_beyond, shop, shop,
          shapermc_ecumenical_altar_notcrosses, nicolae_wormholes
D:2:      minmay_spotlight, layout_loops_ring
D:3:      layout_loops_ring, elyvilon_altar_3, kennysheep_generic_room_5

Skill      XL: |  1  2  3  4  5 |
---------------+----------------+-----
Fighting       | 3 4 |  4.3
Short Blades   | 4 5 |  5.0
Throwing       | |  2.0
Dodging        | |  3.0

Action                     |  1- 3 |  4- 6 || total
---------------------------+-------+-------++-------
  Melee: Rapier            |    22 |    40 ||    62
         Tentacles         |     6 |    14 ||    20
         Constrict         |     9 |    18 ||    27
         Punch             |     1 |       ||     1
         Dagger            |       |    26 ||    26
  Throw: Boomerang         |    89 |    24 ||   113
    Use: Potion            |       |     5 ||     5
   Stab: Sleeping          |     1 |     7 ||     8
 Armour: Skin              |     5 |     1 ||     6
  Dodge: Dodged            |    43 |    45 ||    88

Table legend: (Time is in decaauts)
 A = Elapsed time spent in this place.
 B = Non-inter-level travel time spent in this place.
 C = Inter-level travel time spent in this place.
 D = Time resting spent in this place.
 E = Time spent auto-exploring this place.
 F = Levels seen in this place.
 G = Mean time per level.
                   A        B        C        D        E       F      G
               +--------+--------+--------+--------+--------+-----+--------+
         Total |   2284 |   2257 |     27 |      0 |   1813 |   3 |  761.3 |
       Dungeon |   2284 |   2257 |     27 |      0 |   1813 |   3 |  761.3 |
               +--------+--------+--------+--------+--------+-----+--------+

Top non-repeatable levels by time:
     D:1: 1033 daAuts
     D:2: 816 daAuts
     D:3: 433 daAuts
